 Dungeon Crawl Stone Soup version 0.27.1 (webtiles) character file.

Game seed: 6078022198474181102

4314 Atelerd the Thaumaturge (level 10, -8/60 HPs)
             Began as an Octopode Earth Elementalist on Sept 2, 2021.
             Was an Initiate of Sif Muna.
             Mangled by Erica (11 damage)
             ... on level 8 of the Dungeon.
             The game lasted 00:19:40 (10635 turns).

Atelerd the Thaumaturge (OpEE)                     Turns: 10635, Time: 00:19:41

Health: -8/60      AC:  1    Str:  8    XL:     10   Next: 33%
Magic:  22/31      EV: 15    Int: 26    God:    Sif Muna [......]
Gold:   85         SH:  0    Dex: 12    Spells: 21/26 levels left

rFire    + . .     SeeInvis .   z - +7 dagger of Conscience {elec, Fragile rCorr Int+5}
rCold    + . .     Faith    .   (no shield)
rNeg     . . .     Spirit   .   (helmet restricted)
rPois    .         Reflect  .   (no amulet)
rElec    .         Harm     .   c - ring of protection from cold
rCorr    +         Rampage  .   j - ring of protection from fire
Will     .....                  C - ring of magical power
Stlth    ++++......             (no ring)
HPRegen  0.20/turn              (no ring)
MPRegen  0.22/turn              (no ring)
                                (no ring)
                                (no ring)

@: no status effects
A: almost no armour, amphibious, 8 rings, camouflage 1, gelatinous body 1,
(nimble swimmer 1), tentacles
a: Renounce Religion


You were on level 8 of the Dungeon.
You worshipped Sif Muna.
Sif Muna was noncommittal.
You visited 2 branches of the dungeon, and saw 9 of its levels.

You collected 345 gold pieces.
You spent 260 gold pieces at shops.

Inventory:

Hand Weapons
 d - a +0 dagger
 p - a +0 long sword of holy wrath
 t - a +2 dagger of venom
 z - the +7 dagger of Conscience (weapon) {elec, Fragile rCorr Int+5}
   (You found it on level 7 of the Dungeon)

   It occasionally discharges a powerful burst of electricity upon striking a
   foe.
   Int:       It affects your intelligence (+5).
   rCorr:     It protects you from acid and corrosion.
   Fragile:   It will be destroyed if unequipped.
Missiles
 b - 53 stones
 A - a throwing net
Magical Staves
 q - a staff of earth
Jewellery
 c - a ring of protection from cold (left tentacle)
 j - a ring of protection from fire (right tentacle)
 C - a ring of magical power (on tentacle)
Wands
 a - a wand of flame (22)
 y - a wand of charming (7)
 D - a wand of iceblast (7)
Scrolls
 e - a scroll of amnesia
 k - 2 scrolls of noise
 l - 2 scrolls of magic mapping
 n - a scroll of immolation
 u - 4 scrolls of teleportation
 E - a scroll of enchant armour {unknown}
Potions
 f - a potion of ambrosia
 g - a potion of resistance {unknown}
 h - 2 potions of attraction
 i - 5 potions of flight
 m - 2 potions of might
 o - a potion of degeneration
 r - a potion of brilliance
 s - a potion of mutation
 v - a potion of invisibility {unknown}
 w - 2 potions of lignification
 x - a potion of curing
 B - a potion of haste {unknown}
 F - a potion of berserk rage {unknown}


   Skills:
 - Level 2.0 Fighting
 - Level 2.0 Short Blades
 - Level 6.0 Dodging
 - Level 7.0 Stealth
 + Level 8.8 Spellcasting
 - Level 5.0 Transmutations
 - Level 7.0 Earth Magic
 * Level 1.7 Invocations


You had 21 spell levels left.
You knew the following spells:

 Your Spells              Type           Power      Damage    Failure   Level
a - Sandblast             Erth           94%        2d19      1%          1
p - Petrify               Tmut/Erth      42%        N/A       4%          4

Your spell library contained the following spells:

 Spells                   Type           Power      Damage    Failure   Level
 Passwall                 Tmut/Erth      35%        N/A       1%          2
 Stone Arrow              Conj/Erth      58%        3d10      3%          3
 Summon Small Mammal      Summ           44%        N/A       5%          1
 Blink                    Tloc           N/A        N/A       8%          2
 Call Canine Familiar     Summ           11%        N/A       16%         3
 Frozen Ramparts          Ice            22%        1d4       16%         3
 Summon Guardian Golem    Hex/Summ       11%        N/A       16%         3
 Ice Form                 Ice/Tmut       24%        N/A       19%         4
 Summon Ice Beast         Ice/Summ       11%        N/A       45%         4
 Manifold Assault         Tloc           11%        N/A       82%         5
 Storm Form               Tmut/Air       12%        N/A       100%        7


Dungeon Overview and Level Annotations

Branches:
Dungeon (8/15)             Temple (1/1) D:7
   Lair: D:8-11

Altars:
Ashenzari
Cheibriados
Dithmenos
Fedhas
Gozag
Hepliaklqana
Makhleb
Okawaru
Qazlal
Ru
Sif Muna
Uskayaw
Wu Jian
Yredelemnul
Zin
The Shining One

Shops:
D:6 *!   D:7 [([(

Annotations:
D:5 exclusion: 2 downstairs
D:8 Erica


Innate Abilities, Weirdness & Mutations

You cannot wear most types of armour.
You are amphibious.
You can wear up to eight rings at the same time.
Your skin changes colour to match your surroundings (Stealth+).
Your rubbery body absorbs attacks. (AC +1, EV +1)
((You are camouflaged near water. (Stealth+)))
You have tentacles for arms and can constrict up to eight enemies at once.


Message History

Something tries to affect you, but you resist.
Unknown command.
You closely miss something.
Unknown command.
You hit something.
You hear some strange, mumbled words.
A lance of force appears from out of thin air!
The lance of force hits you!
You are knocked back by the lance of force.
You slam into the rock wall!
Unknown command.
Casting: Petrify (dangerous; 4% risk of failure)
Confirm with . or Enter, or press ? or * to list all spells.
Aiming: Sandblast (safe; 1% risk of failure)
Press: ? - help, Shift-Dir - straight line The blast of sand hits something.
Unknown command.
Casting: Sandblast (safe; 1% risk of failure)
Confirm with . or Enter, or press ? or * to list all spells.
Aiming: Sandblast (safe; 1% risk of failure)
Press: ? - help, Shift-Dir - straight line Something hits you!
* * * LOW HITPOINT WARNING * * *
Something burns you.
* * * LOW HITPOINT WARNING * * *
Unknown command.
You feel better. Something hits you.
* * * LOW HITPOINT WARNING * * *
You feel better. Something hits you!
* * * LOW HITPOINT WARNING * * *
Something burns you.
* * * LOW HITPOINT WARNING * * *
You feel better. Something hits you!
* * * LOW HITPOINT WARNING * * *
Something burns you.
* * * LOW HITPOINT WARNING * * *
Okay, then.
Okay, then.
You closely miss something. Something hits you!
You die...

#..#. #.##...#####
#..#.##.###.## #.
#..#........# ##
#...........# #
#.#####.##.## # #.#
#.##.#######
#.#####.##....>...
##{......##########
#.@.........#
#.#.#.#####.#
#.#.#.# ##.#######
#.#.#.####.........
#...........######.
#.###..####.# #.#
#..####.#
#.###.......#
#......######


There were no monsters in sight!

Vanquished Creatures
  Joseph (D:7)
  A steam dragon (D:8)
  Menkaure (D:7)
  2 water moccasins
  2 sky beasts
  2 ogres
  2 black bears
  4 ice beasts
  3 necrophages
  A centaur (D:6)
  A kobold brigand (D:7)
  3 phantoms (D:5)
  2 bullfrogs (D:7)
  Blork the orc (D:4)
  2 scorpions
  A gnoll sergeant (D:6)
  A water moccasin zombie (D:6)
  A wyvern skeleton (D:5)
  6 killer bees (D:8)
  A howler monkey (D:7)
  4 wights (D:8)
  6 jellies
  A centaur zombie (D:7)
  A bullfrog skeleton (D:3)
  A bullfrog zombie (D:4)
  A centaur skeleton (D:7)
  2 gnoll shamans
  3 hounds
  An iguana (D:6)
  8 orc wizards
  A howler monkey zombie (D:7)
  16 gnolls
  7 adders
  A shadow imp (D:5)
  An adder skeleton (D:4)
  4 dart slugs
  32 orcs
  6 ball pythons
  6 bats
  6 endoplasms
  5 giant cockroaches
  8 goblins
  3 hobgoblins
  3 quokkas
  4 frilled lizards
  7 kobolds
  6 rats
182 creatures vanquished.

Notes
Turn   | Place    | Note
-------+----------+-------------------------------------------
     0 | D:1      | Atelerd the Octopode Earth Elementalist began the quest for
                  | the Orb.
     0 | D:1      | Reached XP level 1. HP: 11/11 MP: 3/3
   495 | D:1      | Reached XP level 2. HP: 12/17 MP: 5/5
  1057 | D:1      | Reached XP level 3. HP: 21/21 MP: 6/6
  1785 | D:2      | Found a faded altar of an unknown god.
  1928 | D:2      | Reached XP level 4. HP: 19/27 MP: 8/8
  2485 | D:3      | Noticed a scorpion
  2494 | D:3      | Killed a scorpion
  2495 | D:3      | Reached skill level 3 in Spellcasting
  2495 | D:3      | Reached XP level 5. HP: 4/31 MP: 3/9
  2757 | D:3      | Found a sacrificial altar of Ru.
  3605 | D:3      | Reached XP level 6. HP: 35/36 MP: 11/11
  3908 | D:4      | Noticed a necrophage
  3914 | D:4      | Killed a necrophage
  3915 | D:4      | Reached skill level 4 in Spellcasting
  3940 | D:4      | Found an iron altar of Okawaru.
  4013 | D:4      | Noticed Blork the orc
  4018 | D:4      | Killed Blork the orc
  4018 | D:4      | Noticed a necrophage
  4019 | D:4      | Reached skill level 5 in Earth Magic
  4019 | D:4      | Reached XP level 7. HP: 22/41 MP: 9/13
  4884 | D:5      | Entered Level 5 of the Dungeon
  5179 | D:5      | Learned a level 4 spell: Petrify
  5365 | D:5      | Reached XP level 8. HP: 45/47 MP: 0/14
  5369 | D:5      | Reached skill level 1 in Fighting
  5369 | D:5      | Reached skill level 1 in Short Blades
  5878 | D:5      | Reached skill level 5 in Stealth
  6506 | D:6      | Reached skill level 5 in Dodging
  6506 | D:6      | Reached XP level 9. HP: 54/54 MP: 5/15
  7553 | D:6      | Found Vupalav's Distillery.
  7556 | D:6      | Bought a potion of heal wounds for 65 gold pieces
  7556 | D:6      | Bought a potion of curing for 39 gold pieces
  7556 | D:6      | Bought a potion of lignification for 39 gold pieces
  7556 | D:6      | Bought a potion of curing for 39 gold pieces
  7556 | D:6      | Bought 2 potions of curing for 78 gold pieces
  7673 | D:6      | Found Geing's Overcharged Wands.
  8049 | D:6      | Reached skill level 5 in Transmutations
  8288 | D:7      | Identified the +7 dagger of Conscience {elec, Fragile rCorr
                  | Int+5}
  8324 | D:7      | Reached skill level 5 in Spellcasting
  8737 | D:7      | Reached skill level 6 in Spellcasting
  8777 | D:7      | Found Zutopt's Antique Weapon Shop.
  8816 | D:7      | Noticed Joseph
  8817 | D:7      | Noticed Menkaure
  8854 | D:7      | Found Ideaz's Antique Weapon Shoppe.
  8911 | D:7      | Found Lofeudug's Armour Emporium.
  8929 | D:7      | Killed Joseph
  8930 | D:7      | Reached skill level 7 in Spellcasting
  8930 | D:7      | Reached XP level 10. HP: 56/60 MP: 6/21
  9077 | D:7      | Found a staircase to the Ecumenical Temple.
  9089 | Temple   | Entered the Ecumenical Temple
  9248 | D:7      | Found Lorph's Armour Shoppe.
  9403 | D:7      | Killed Menkaure
  9404 | D:7      | Reached skill level 8 in Spellcasting
 10132 | D:8      | Found a broken altar of Ashenzari.
 10132 | D:8      | Found a shimmering blue altar of Sif Muna.
 10145 | D:8      | Became a worshipper of Sif Muna the Loreminder
 10222 | D:8      | Reached skill level 1 in Invocations
 10283 | D:8      | Noticed a two-headed ogre
 10611 | D:8      | Noticed Erica
 10634 | D:8      | HP: 3/60 [something (1)]
 10635 | D:8      | Mangled by Erica

Illustrated notes

Levels and vault maps discovered:
D:1:      dpeg_arrival_simpleton_b, layout_loops_cross,
          wad_floor_pattern_untrapped, minmay_tromino_v2
D:2:      layout_basic, basic_ecumenical_altar, moated_statue
D:3:      layout_rooms, nicolae_ru_sacrificial_ziggurat
D:4:      layout_basic, kennysheep_okawaru_gauntlet, uniq_blork_the_orc
D:5:      layout_basic, minmay_fractal_squares_5
D:6:      layout_basic, serial_shops, shop, nicolae_shop_overcharged_wands
D:7:      layout_rooms, minmay_temple_entry_ruins, serial_shops, shop_statue,
          shop, shop, nicolae_diamond_shop, uniq_menkaure, uniq_joseph
D:8:      layout_loops_ring, nemelex_diamond_rough_becter,
          chequers_temple_overflow_minitemple, grunt_temple_overflow_open,
          minmay_increasing_density, uniq_erica, uniq_maggie
Temple:   minmay_temple_bridge_abc

Skill      XL: |  1  2  3  4  5  6  7  8  9 10 |
---------------+-------------------------------+-----
Transmutations | 2 3 4 5 |  5.0
Spellcasting   | 3 4 7 8 |  8.8
Earth Magic    | 4 5 7 |  7.0
Stealth        | 3 7 |  7.0
Fighting       | 2 |  2.0
Short Blades   | 2 |  2.0
Dodging        | 5 6 |  6.0
Invocations    | 1 |  1.7

Action                   |  1- 3 |  4- 6 |  7- 9 | 10-12 || total
-------------------------+-------+-------+-------+-------++-------
Melee: Unarmed           |    31 |       |       |       ||    31
       Constrict         |    18 |    13 |    34 |     8 ||    73
       Tentacles         |    14 |    11 |    36 |     3 ||    64
       Dagger            |    43 |    49 |   145 |    44 ||   281
       Staff             |       |       |     6 |       ||     6
 Cast: Sandblast         |     8 |    39 |    80 |    16 ||   143
       Petrify           |       |       |    38 |    14 ||    52
  Use: Potion            |       |     1 |       |     5 ||     6
       Scroll            |       |       |     5 |     7 ||    12
 Stab: Sleeping          |    15 |     4 |     3 |     1 ||    23
       Petrified         |       |       |    58 |     7 ||    65
       Petrifying        |       |       |     1 |     1 ||     2
Armor: Skin              |     4 |     2 |     2 |     3 ||    11
Dodge: Dodged            |    51 |    38 |    95 |    37 ||   221
